 Dungeon Crawl Stone Soup version 0.28-a0-1038-g9c4cb8273d (webtiles) character file.

Game seed: 16621293795448070053

220 tsouns the Cudgeller (level 5, -5/37 (41) HPs)
             Began as a Demonspawn Gladiator on Dec 8, 2021.
             Slain by a hornet (14 damage)
             ... on level 4 of the Dungeon.
             The game lasted 00:04:56 (3105 turns).

tsouns the Cudgeller (Demonspawn Gladiator)         Turns: 3105, Time: 00:04:56

HP:   -5/37 (41)    AC:  6    Str: 16    XL:     5   Next: 64%
MP:   5/5           EV: 12    Int: 10    God:
Gold: 156           SH:  0    Dex: 14    Spells: 4/4 levels left

rFire   . . .      SeeInvis .   i - +0 mace (vorpal)
rCold   . . .      Faith    .   (no shield)
rNeg    . . .      Spirit   .   b - +0 leather armour
rPois   .          Reflect  .   c - +0 helmet
rElec   .          Harm     .   (no cloak)
rCorr   .          Rampage  .   (no gloves)
Will    .....                   (no boots)
Stlth   +.........              (no amulet)
HPRegen 0.12/turn               (no ring)
MPRegen 0.09/turn               (no ring)

@: slowed, drained, very slow
A: hooves 1, molten scales 1, ignite blood 1
a: no special abilities


You were on level 4 of the Dungeon.
You visited 1 branch of the dungeon, and saw 4 of its levels.

You collected 156 gold pieces.

Inventory:

Hand Weapons
 a - a +0 flail
 i - a +0 vorpal mace (weapon)
Armour
 b - a +0 leather armour (worn)
 c - a +0 helmet (worn)
Scrolls
 f - a scroll of immolation {unknown}
 h - a scroll of teleportation {unknown}
 k - a scroll of enchant weapon {unknown}
 l - 2 scrolls of holy word {unknown}
 n - a scroll of blinking {unknown}
 o - a scroll of vulnerability {unknown}
 p - 2 scrolls of identify {unknown}
 q - a scroll of noise {unknown}
Potions
 e - a potion of lignification {unknown}
 g - 2 potions of curing {unknown}
 j - a potion of flight {unknown}
 m - a potion of heal wounds {unknown}
 r - a potion of attraction {unknown}


   Skills:
 + Level 3.1 Fighting
 + Level 4.6 Maces & Flails
 - Level 1.7 Throwing
 + Level 2.2 Armour
 - Level 2.6 Dodging
 + Level 0.5 Stealth


You had 4 spell levels left.
You didn't know any spells.
Your spell library was empty.

Dungeon Overview and Level Annotations

Branches:
Dungeon (4/15)
 Temple: D:4-7

Altars:
Nemelex Xobeh
The Shining One

Shops:
D:2 (


Innate Abilities, Weirdness & Mutations

You have large cloven feet.
You are partially covered in molten scales. (AC +2)
Your demonic aura sometimes causes spilled blood to erupt in flames.


Message History

No target in view!
No target in view!
No target in view!
No target in view!
No target in view!
No target in view!
No target in view!
No target in view!
No target in view!
No target in view!
No target in view!
Found 21 bolts.
r - a lumpy black potion A hornet comes into view.
The hornet buzzes angrily.
There is a stone staircase leading down here.
Throw: 2 throwing nets
Press: ? - help, Q - select action Shift-Dir - straight line, f - hornet
Aim: a hornet (44% to hit)
You throw a throwing net. The throwing net hits the hornet.
The hornet is caught in the net!
The hornet struggles against the net. x2
The hornet struggles against the net.
You closely miss the hornet. You kick the hornet, but do no damage.
The hornet struggles against the net. x2
The net rips apart, and the hornet comes free!
You hit the hornet but do no damage. The hornet stings you!
You feel yourself slow down. The hornet barely misses you.
You are too injured to fight recklessly!
Unknown command.
Throw: throwing net
Press: ? - help, Q - select action Shift-Dir - straight line, f/p - hornet
Aim: a hornet (44% to hit)
You throw a throwing net.
The throwing net closely misses the hornet.
The hornet barely misses you. The hornet stings you!
* * * LOW HITPOINT WARNING * * *
You feel as though you will be slow longer.
The hornet stings you!
You die...

## #...##...##.... #..
#.... #.......# #..#
#.#..##......#
#...###..##....#..##
.....#.......##....##
.............#......#
.........###>°.....#
........###y°°....##
.........##.@......##
..........#......#..#
....#.#........#....#
.....##..#.##...<...#####
.........####..##.......#
......(.## #.####......##
.........
#..##.#.(.....##
......##.
....##..........## ...#
....###...........#


You could see a hornet.

Vanquished Creatures
  A necrophage (D:3)
  A centaur zombie (D:3)
  3 adders (D:3)
  4 worms (D:3)
  3 dart slugs
  7 ball pythons
  4 endoplasms
  4 giant cockroaches
  6 hobgoblins
  A quokka (D:3)
  5 bats
  4 frilled lizards
  3 goblins
  8 kobolds
  4 rats
58 creatures vanquished.

Notes
Turn   | Place    | Note
-------+----------+-------------------------------------------
     0 | D:1      | tsouns the Demonspawn Gladiator began the quest for the
                  | Orb.
     0 | D:1      | Reached XP level 1. HP: 16/16 MP: 1/1
   334 | D:1      | Reached skill level 3 in Maces & Flails
   360 | D:1      | Gained mutation: You are partially covered in molten
                  | scales. (AC +2) [demonic ancestry]
   360 | D:1      | Reached XP level 2. HP: 12/22 MP: 2/2
  1328 | D:2      | Found Attucisa's Weapon Shop.
  1364 | D:2      | Gained mutation: Your demonic aura sometimes causes spilled
                  | blood to erupt in flames. [demonic ancestry]
  1364 | D:2      | Reached XP level 3. HP: 24/28 MP: 3/3
  1368 | D:2      | Reached skill level 1 in Armour
  2036 | D:3      | Found a faded altar of an unknown god.
  2056 | D:3      | Prayed at the altar of an unknown god.
  2056 | D:3      | Became a worshipper of Nemelex Xobeh the Trickster
  2056 | D:3      | Reached * piety under Nemelex Xobeh
  2056 | D:3      | Received a gift from Nemelex Xobeh
  2057 | D:3      | Fell from the grace of Nemelex Xobeh
  2074 | D:3      | Gained mutation: You have large cloven feet. [demonic
                  | ancestry]
  2074 | D:3      | Reached XP level 4. HP: 34/34 MP: 4/4
  2402 | D:3      | Reached skill level 4 in Maces & Flails
  2547 | D:3      | Noticed a necrophage
  2562 | D:3      | Killed a necrophage
  2563 | D:3      | Reached XP level 5. HP: 32/41 MP: 5/5
  3094 | D:4      | Noticed a hornet
  3105 | D:4      | Slain by a hornet

Illustrated notes

Levels and vault maps discovered:
D:1:      wander_arrival_desolate, layout_basic
D:2:      minmay_evil_eye, layout_loops_ring, serial_shops, nicolae_shop_crystal
D:3:      layout_loops_ring, nicolae_tso_carved_into_rock,
          chequers_ecumenical_altar_island, fountainhead
D:4:      layout_cave_pools, nicolae_sif_muna_little_library, serial_shops,
          nicolae_shop_advertising_works [nicolae_subvault_shop_adworks]

Skill      XL: |  1  2  3  4 |
---------------+-------------+-----
Maces & Flails | 3 4 |  4.6
Armour         | 1 2 |  2.2
Fighting       | 3 |  3.1
Throwing       | |  1.7
Dodging        | |  2.6
Stealth        | |  0.5

Action                   |  1- 3 |  4- 6 || total
-------------------------+-------+-------++-------
Melee: Flail             |    29 |       ||    29
       Mace              |    97 |    56 ||   153
       Kick              |       |    19 ||    19
Throw: Throwing net      |       |     3 ||     3
Invok: Renounce Religion |     1 |       ||     1
 Stab: Sleeping          |       |     1 ||     1
Armor: Leather armour    |    57 |    16 ||    73
Dodge: Dodged            |    90 |    39 ||   129

Table legend: (Time is in decaauts)
 A = Elapsed time spent in this place.
 B = Non-inter-level travel time spent in this place.
 C = Inter-level travel time spent in this place.
 D = Time resting spent in this place.
 E = Time spent auto-exploring this place.
 F = Levels seen in this place.
 G = Mean time per level.
                   A        B        C        D        E       F      G
               +--------+--------+--------+--------+--------+-----+--------+
         Total |   3158 |   3047 |    111 |      0 |   2510 |   4 |  789.5 |
       Dungeon |   3158 |   3047 |    111 |      0 |   2510 |   4 |  789.5 |
               +--------+--------+--------+--------+--------+-----+--------+

Top non-repeatable levels by time:
     D:3: 1201 daAuts
     D:1: 986 daAuts
     D:2: 931 daAuts
     D:4: 38 daAuts
